 Dungeon Sprint DCSS version 0.26-a0-1107-g6118521029 (webtiles) character file.

Game seed: 14811974784329685594

15572 mhtbhm the Bludgeoner (level 12, -4/111 HPs)
             Began as a Human Berserker on Dec 16, 2020.
             Was the Champion of Trog.
             Slain by an orc knight
             ... wielding a +2 war axe
              (17 damage)
             ... in the Dungeon (Sprint IX: "|||||||||||||||||||||||||||||").
             The game lasted 00:03:49 (2096 turns).

mhtbhm the Bludgeoner (Human Berserker)             Turns: 2096, Time: 00:03:50

Health: -4/111     AC: 18    Str: 24    XL:     12   Next: 59%
Magic:  12/12      EV: 13    Int: 13    God:    Trog [******]
Gold:   1255       SH:  0    Dex: 13    Spells: 11/11 levels left

rFire    . . .     SeeInvis .   a - +3 dire flail of Derukkao {flame, rElec Will++ Int+3 Dex-2}
rCold    . . .     Faith    .   (shield currently unavailable)
rNeg     . . .     Spirit   .   b - +1 chain mail
rPois    .         Reflect  .   (no helmet)
rElec    +         Harm     .   l - +0 cloak
rCorr    .         Rampage  .   v - +0 pair of gloves
Will     ++...     NoTele   +   m - +0 pair of boots
Stlth    ..........             (no amulet)
HPRegen  0.28/turn              n - +3 ring of intelligence
MPRegen  0.13/turn              o - +3 ring of strength

@: berserk cooldown, slowed, very slow
A: no striking features
a: Berserk, Trog's Hand, Brothers in Arms, Renounce Religion


You were in the Dungeon.
You worshipped Trog.
Trog was exalted by your worship.
You visited 1 branch You collected 1255 gold pieces.

Inventory:

Hand Weapons
 a - the +3 dire flail of Derukkao (weapon) {flame, rElec Will++ Int+3 Dex-2}
   (Trog gifted it to you in the Dungeon)

   It has been specially enchanted to burn those struck by it, causing extra
   injury to most foes and up to half again as much damage against particularly
   susceptible opponents.
   It affects your intelligence (+3).
   It affects your dexterity (-2).
   It insulates you from electricity.
   It affects your willpower, your defense against some magical effects.
Armour
 b - a +1 chain mail (worn)
 l - a +0 cloak (worn)
 m - a +0 pair of boots (worn)
 v - a +0 pair of gloves (worn)
Jewellery
 n - a +3 ring of intelligence (left hand)
 o - a +3 ring of strength (right hand)
Wands
 k - a wand of acid (1)
 q - a wand of iceblast (7)
Scrolls
 h - 2 scrolls of blinking
 j - 3 scrolls of remove curse
 r - 4 scrolls of enchant weapon
 s - 2 scrolls of enchant armour
 t - a scroll of fog
 u - a scroll of identify
Potions
 c - 6 potions of curing
 d - 6 potions of heal wounds
 e - a potion of haste
 f - 4 potions of magic
 g - a potion of berserk rage
 i - a potion of invisibility
 p - a potion of might


   Skills:
 + Level 16.1 Fighting
 + Level 19.0 Maces & Flails
 + Level 13.2 Armour
 + Level 9.5 Dodging
 + Level 2.7 Stealth
 + Level 3.7 Evocations


You had 11 spell levels left.
You didn't know any spells.
Your spell library was empty.

Dungeon Overview and Level Annotations

Branches:
Dungeon (1/1)

Altars:
Cheibriados
Dithmenos
Elyvilon
Fedhas
Gozag
Hepliaklqana
Kikubaaqudgha
Makhleb
Nemelex Xobeh
Okawaru
Qazlal
Ru
Sif Muna
Trog
Uskayaw
Vehumet
Wu Jian
Xom
Yredelemnul
Zin
The Shining One
Beogh
Jiyva
Lugonu

Shops:
D =[*


Message History

Your Fighting skill increases to level 16!
Your Maces & Flails skill increases to level 19!
Your Armour skill increases to level 13!
You hit the orc knight. You burn the orc knight.
The orc knight is severely wounded.
The orc knight hits you with a +2 war axe!
* * * LOW HITPOINT WARNING * * *
Unknown command.
You feel much better.
The orc knight hits you but does no damage.
The orc knight roars a battlecry!
The orc knight goes into a battle-frenzy!
The orc knight hits you with a +2 war axe.
Things that are here:
a +0 long sword; a +0 plate armour; 50 gold pieces Your stone giant goes berserk!
The orc knight hits you from afar with a +0 bardiche!!!
* * * LOW HITPOINT WARNING * * *
The orc knight hits you with a +2 war axe!
You die...

▓∩▓.▓)▓.▓.▓
▓.▓.▓.▓.▓.▓
▓∩▓)▓.▓.▓.▓
▓.▓)▓.▓.▓[▓
▓∩▓.▓.▓.▓.▓
▓)▓.▓.▓.▓.▓
▓o▓.▓†▓.▓)▓
▓o▓.▓)▓.▓?▓
▓@▓.▓.▓.▓.▓
▓C▓.▓†▓.▓'▓
▓)▓.▓.▓.▓_▓
▓.▓.▓.▓.▓_▓
▓.▓.▓.▓.▓_▓
▓)▓.▓.▓.▓_▓
▓.▓.▓.▓.▓_▓
▓)▓.▓.▓.▓_▓
▓)▓.▓.▓.▓_▓


You could see 2 orc knights and a friendly stone giant (summoned, berserk).

Vanquished Creatures
  An ettin (D)
  Josephine (D)
  A hydra (D)
  A centaur warrior (D)
  7 orc high priests (D)
  3 orc knights (D)
  An orc sorcerer (D)
  A cyclops (D)
  A black mamba (D)
  3 cane toads (D)
  2 komodo dragons (D)
  2 tyrant leeches (D)
  3 blink frogs (D)
  4 wraiths (D)
  A yak (D)
  A wyvern (D)
  2 basilisks (D)
  4 vampire mosquitoes (D)
  An acid dragon (D)
  An ice beast (D)
  10 orc warriors (D)
  A wolf (D)
  An ogre (D)
  4 centaurs (D)
  6 bullfrogs (D)
  A scorpion (D)
  A hound (D)
  3 orc priests (D)
  4 orc wizards (D)
  An ufetubus (D)
  A leopard gecko (D)
  2 orcs (D)
  A goblin (D)
  A jackal (D)
  2 frilled lizards (D)
  A leopard gecko skeleton (D)
  2 rats (D)
83 creatures vanquished.

Vanquished Creatures (collateral kills)
  An orc warrior (D)
  An orc priest (D)
  An orc (D)
3 creatures vanquished.

Grand Total: 86 creatures vanquished

Notes
Turn   | Place    | Note
-------+----------+-------------------------------------------
     0 | D        | mhtbhm the Human Berserker began the quest for the Orb.
     0 | D        | Reached XP level 1. HP: 18/18 MP: 1/1
     9 | D        | Reached ** piety under Trog
    68 | D        | Noticed an ice beast
    68 | D        | Noticed a scorpion
    68 | D        | Noticed an ogre
    68 | D        | Noticed a centaur
    72 | D        | Killed a centaur
    73 | D        | Reached skill level 5 in Fighting
    73 | D        | Reached skill level 6 in Maces & Flails
    73 | D        | Reached XP level 2. HP: 28/28 MP: 2/2
    73 | D        | Reached XP level 3. HP: 34/34 MP: 3/3
    73 | D        | Reached XP level 4. HP: 40/40 MP: 4/4
    76 | D        | Killed an ogre
    76 | D        | Reached *** piety under Trog
    77 | D        | Reached skill level 7 in Maces & Flails
    77 | D        | Reached XP level 5. HP: 37/47 MP: 5/5
    79 | D        | Reached skill level 8 in Maces & Flails
    79 | D        | Reached XP level 6. HP: 43/55 MP: 6/6
    84 | D        | Killed an ice beast
    85 | D        | Reached skill level 9 in Maces & Flails
   221 | D        | Found a roughly hewn altar of Beogh.
   221 | D        | Found a snail-covered altar of Cheibriados.
   221 | D        | Found a shadowy altar of Dithmenos.
   221 | D        | Found a white marble altar of Elyvilon.
   221 | D        | Found a blossoming altar of Fedhas.
   221 | D        | Found an opulent altar of Gozag.
   222 | D        | Found a hazy altar of Hepliaklqana.
   223 | D        | Found a viscous altar of Jiyva.
   224 | D        | Found an ancient bone altar of Kikubaaqudgha.
   225 | D        | Found a corrupted altar of Lugonu.
   226 | D        | Found a burning altar of Makhleb.
   227 | D        | Found a sparkling altar of Nemelex Xobeh.
   228 | D        | Found an iron altar of Okawaru.
   229 | D        | Found a stormy altar of Qazlal.
   230 | D        | Found a sacrificial altar of Ru.
   231 | D        | Found a shimmering blue altar of Sif Muna.
   232 | D        | Found a bloodstained altar of Trog.
   233 | D        | Found a hide-covered altar of Uskayaw.
   234 | D        | Found a radiant altar of Vehumet.
   235 | D        | Found an ornate altar of the Wu Jian Council.
   236 | D        | Found a shimmering altar of Xom.
   237 | D        | Found a basalt altar of Yredelemnul.
   238 | D        | Found a glowing silver altar of Zin.
   239 | D        | Found a glowing golden altar of the Shining One.
   294 | D        | Reached **** piety under Trog
   301 | D        | Reached skill level 5 in Dodging
   301 | D        | Reached XP level 7. HP: 63/63 MP: 7/7
   305 | D        | Reached ***** piety under Trog
   306 | D        | Reached skill level 10 in Maces & Flails
   336 | D        | Noticed an acid dragon
   336 | D        | Noticed a centaur warrior
   336 | D        | Noticed a cyclops
   342 | D        | Reached skill level 5 in Armour
   348 | D        | Killed a cyclops
   349 | D        | Reached skill level 10 in Fighting
   349 | D        | Reached skill level 11 in Maces & Flails
   349 | D        | Reached XP level 8. HP: 73/73 MP: 8/8
   355 | D        | Killed a centaur warrior
   356 | D        | Reached skill level 12 in Maces & Flails
   356 | D        | Reached skill level 1 in Stealth
   356 | D        | Reached XP level 9. HP: 81/81 MP: 9/9
   361 | D        | Reached skill level 13 in Maces & Flails
   543 | D        | Noticed a komodo dragon
   547 | D        | Received a gift from Trog
   551 | D        | Noticed a cane toad
   554 | D        | Noticed a blink frog
   562 | D        | Killed a komodo dragon
   563 | D        | Reached skill level 14 in Maces & Flails
   571 | D        | Killed a blink frog
   574 | D        | Reached ****** piety under Trog
   574 | D        | Received a gift from Trog
   577 | D        | Killed a cane toad
   578 | D        | Reached XP level 10. HP: 66/90 MP: 10/10
   689 | D        | Noticed a komodo dragon
   689 | D        | Noticed a cane toad
   689 | D        | Noticed a black mamba
   693 | D        | Noticed a cane toad
   696 | D        | Noticed a four-headed hydra
   697 | D        | Killed a black mamba
   698 | D        | Reached skill level 15 in Maces & Flails
   709 | D        | Killed a cane toad
   713 | D        | Killed a komodo dragon
   717 | D        | Killed a four-headed hydra
   717 | D        | Received a gift from Trog
   718 | D        | Reached skill level 16 in Maces & Flails
   720 | D        | Killed a cane toad
   938 | D        | Reached XP level 11. HP: 98/98 MP: 11/11
   960 | D        | Reached skill level 17 in Maces & Flails
   969 | D        | Received a gift from Trog
  1041 | D        | Noticed Josephine
  1054 | D        | Killed Josephine
  1056 | D        | Received a gift from Trog
  1181 | D        | Noticed an ettin
  1188 | D        | Killed an ettin
  1189 | D        | Reached skill level 18 in Maces & Flails
  1189 | D        | Reached skill level 10 in Armour
  1563 | D        | Received a gift from Trog
  1646 | D        | Received a gift from Trog
  1655 | D        | Got a translucent dire flail {god gift}
  1656 | D        | Identified the +3 dire flail of Derukkao {flame, rElec
                  | Will++ Int+3 Dex-2} (Trog gifted it to you in the Dungeon)
  1767 | D        | Noticed an orc knight
  1767 | D        | Noticed an orc sorcerer
  1773 | D        | Killed an orc sorcerer
  1776 | D        | Noticed an orc high priest
  1788 | D        | Killed an orc knight
  1789 | D        | Reached skill level 15 in Fighting
  1804 | D        | Killed an orc high priest
  1805 | D        | Reached skill level 1 in Evocations
  1805 | D        | Reached XP level 12. HP: 42/110 MP: 12/12
  1809 | D        | Received a gift from Trog
  2058 | D        | Found Oseid's Assorted Antiques.
  2058 | D        | Noticed an orc high priest
  2058 | D        | Noticed an orc high priest
  2058 | D        | Noticed an orc high priest
  2059 | D        | Noticed an orc high priest
  2062 | D        | Killed an orc high priest
  2064 | D        | Killed an orc high priest
  2066 | D        | Killed an orc high priest
  2067 | D        | Found Kuwk's Armour Shop.
  2073 | D        | Noticed an orc high priest
  2076 | D        | Noticed an orc high priest
  2080 | D        | Found Plog's Jewellery Boutique.
  2083 | D        | Killed an orc high priest
  2083 | D        | Received a gift from Trog
  2092 | D        | Killed an orc high priest
  2092 | D        | Killed an orc high priest
  2093 | D        | Reached skill level 19 in Maces & Flails
  2096 | D        | Slain by an orc knight

Illustrated notes

Levels and vault maps discovered:
D:        linesprint [early_d, line_temple, items_1, d_10, items_2, lair_1,
          lair_end, items_3, orc_1, orc_end, items_4, d_15, swamp_1, shoals_1,
          snake_1, spider_1, d_20, vaults_1, items_5, swamp_end, shoals_end,
          snake_end, spider_end, vaults_end, d_27, items_6, zot_1, zot_end,
          crypt_end, forest_end, elf_end, slime_end, tomb_end, abyss_end,
          pan_hell_end]

Skill      XL: |  1  2  3  4  5  6  7  8  9 10 11 12 |
---------------+-------------------------------------+-----
Fighting       | 5 6 7 8 10 11 12 13 15 16 | 16.1
Maces & Flails | 6 7 8 9 11 12 14 16 18 19 | 19.0
Armour         | 3 4 5 6 7 8 11 13 | 13.2
Dodging        | 3 4 5 6 7 8 9 |  9.5
Stealth        | 1 2 |  2.7
Evocations     | 1 3 |  3.7

Action                   |  1- 3 |  4- 6 |  7- 9 | 10-12 || total
-------------------------+-------+-------+-------+-------++-------
Melee: Mace              |    13 |    15 |       |       ||    28
       Dire flail        |       |     5 |    31 |   140 ||   176
       Morningstar       |       |       |    30 |    47 ||    77
Invok: Berserk           |     1 |     1 |     2 |     5 ||     9
       Brothers in Arms  |       |       |       |     2 ||     2
Evoke: Wand              |       |       |       |    12 ||    12
  Use: Scroll            |       |       |       |     1 ||     1
       Potion            |       |       |       |     1 ||     1
Armor: Chain mail        |       |     3 |    17 |    50 ||    70
       Animal skin       |       |     1 |       |       ||     1
Dodge: Dodged            |    10 |    13 |    26 |    65 ||   114

Table legend: (Time is in decaauts)
 A = Elapsed time spent in this place.
 B = Non-inter-level travel time spent in this place.
 C = Inter-level travel time spent in this place.
 D = Time resting spent in this place.
 E = Time spent auto-exploring this place.
 F = Levels seen in this place.
 G = Mean time per level.
                   A        B        C        D        E       F      G
               +--------+--------+--------+--------+--------+-----+--------+
         Total |   2068 |   2068 |      0 |   1086 |    229 |   1 | 2068.0 |
       Dungeon |   2068 |   2068 |      0 |   1086 |    229 |   1 | 2068.0 |
               +--------+--------+--------+--------+--------+-----+--------+

Top non-repeatable levels by time:
       D: 2068 daAuts
